 Dungeon Crawl Stone Soup version 0.29.1-15-g9cfb28693d (webtiles) character file.

Game seed: 16440493772522492570

81 javelincjr the Trooper (level 4, -2/37 HPs)
             Began as a Demonspawn Abyssal Knight on Mar 22, 2023.
             Was a Believer of Lugonu.
             Killed from afar by an orc wizard (11 damage)
             ... with a puff of flame
             ... on level 2 of the Dungeon.
             The game lasted 00:04:59 (1923 turns).

javelincjr the Trooper (Demonspawn Abyssal Knight)  Turns: 1923, Time: 00:05:00

Health: -2/37      AC:  8    Str: 15    XL:     4   Next: 19%
Magic:  6/6        EV:  6    Int: 12    God:    Lugonu [**....]
Gold:   45         SH:  0    Dex: 13    Spells: 4/4 levels left

rFire   . . .      SeeInvis .   a - +1 spear
rCold   . . .      Faith    .   (no shield)
rNeg    . . .      Spirit   .   f - +0 chain mail
rPois   .          Reflect  .   (no helmet)
rElec   .          Harm     .   (no cloak)
rCorr   .          Rampage  .   (no gloves)
Will    .....                   (no boots)
Stlth   ..........              (no amulet)
HPRegen 0.12/turn               (no ring)
MPRegen 0.10/turn               (no ring)

@: no status effects
A: claws 2, hooves 1
a: Renounce Religion, Depart the Abyss, Bend Space


You were on level 2 of the Dungeon.
You worshipped Lugonu.
Lugonu was pleased with you.
You visited 1 branch of the dungeon, and saw 2 of its levels.
You visited the Abyss 1 time.

You collected 69 gold pieces.
You spent 24 gold pieces at shops.

Inventory:

Hand Weapons
 a - a +1 spear (weapon)
Missiles
 m - 3 poisoned darts
Armour
 b - a +0 leather armour
 f - a +0 chain mail (worn)
Scrolls
 c - a scroll of poison {unknown}
 g - 2 scrolls of fear
 h - a scroll of summoning {unknown}
 j - a scroll of torment {unknown}
 l - a scroll of enchant weapon {unknown}
 o - a scroll of magic mapping {unknown}
Potions
 d - 3 potions of degeneration
 e - a potion of berserk rage {unknown}
 i - a potion of mutation {unknown}
 k - a potion of heal wounds {unknown}
 n - 2 potions of curing {unknown}


   Skills:
 * Level 3.6 Fighting
 + Level 2.2 Polearms
 + Level 2.1 Armour
 + Level 1.6 Dodging
 + Level 0.8 Spellcasting
 + Level 3.1 Invocations


You had 4 spell levels left.
You didn't know any spells.
Your spell library contained the following spells:

 Spells                   Type           Power      Damage    Failure   Level
 Static Discharge         Conj/Air       0%         3-3/arc   100%        2
 Ozocubu's Armour         Ice            0%         N/A       100%        3
 Dispel Undead            Necr           0%         3d6       100%        4
 Sticky Flame             Conj/Fire      0%         2d3       100%        4
 Metabolic Englaciation   Hex/Ice        0%         N/A       100%        5
 Simulacrum               Ice/Necr       0%         N/A       100%        6


Dungeon Overview and Level Annotations

Branches:
Dungeon (2/15)

Altars:

Shops:
D:2 ?


Innate Abilities, Weirdness & Mutations

You have very sharp fingernails.
You have large cloven feet.


Message History

The magic dart hits you!
The orc wizard gestures wildly while chanting.
The orc wizard flickers and vanishes!
Deactivating autopickup; reactivate with Ctrl-A.
You barely miss the orc wizard.
The orc wizard is almost dead.
The orc wizard casts a spell.
The orc wizard flickers and vanishes!
You hit something. Something hits you.
You hit something but do no damage. Something hits you but does no damage.
You hear some strange, mumbled words.
A puff of flame appears from out of thin air!
The puff of flame hits something!
Reactivating autopickup.
You feel a bit more experienced.
You have reached level 4!
You feel clever.
Your demonic ancestry asserts itself...
Your fingernails sharpen.
The orc hits you but does no damage.
You hear some strange, mumbled words.
Deactivating autopickup; reactivate with Ctrl-A.
You are confused.
Things that are here:
a +0 dagger; a +0 robe You bump into the rock wall.
The orc completely misses you. Something hits you but does no damage.
You bump into the rock wall.
The orc barely misses you. Something hits you but does no damage.
You closely miss something. Your kick misses something.
The orc barely misses you. Something hits you.
You bump into the rock wall.
The orc hits you but does no damage. Something hits you.
You're too confused to move!
You feel less confused. The orc hits you with a +0 short sword.
* * * LOW HITPOINT WARNING * * *
You hear some strange, mumbled words.
A puff of flame appears from out of thin air!
The puff of flame hits you!
You die...

.# .# ##### .# .... .
...##. .< #...###....
..... #....o..... .....
#o#### ##...##
#{@..########8...8#
.......###........##...##
######. #.#####..##...##
#. #.#### ##...## #.
#....# #8...8# #. ##...##
##.†.## #. #8...8# #.....
## ##...#######....
#...##....#.###


You could see an orc.

Vanquished Creatures
  An adder (D:2)
  2 worms (D:2)
  A dart slug (D:1)
  6 ball pythons
  3 endoplasms
  2 giant cockroaches (D:1)
  5 goblins
  2 hobgoblins
  6 kobolds (D:1)
  A quokka (D:1)
  5 bats
  2 frilled lizards (D:1)
  5 rats
41 creatures vanquished.

Vanquished Creatures (others)
  An orc wizard (D:2)
1 creature vanquished.

Grand Total: 42 creatures vanquished

Notes
Turn   | Place    | Note
-------+----------+-------------------------------------------
     0 | Abyss:1  | javelincjr the Demonspawn Abyssal Knight began the quest
                  | for the Orb.
     0 | Abyss:1  | Reached XP level 1. HP: 18/18 MP: 2/2
    37 | Abyss:1  | Noticed an ancient zyme
    37 | Abyss:1  | Noticed a starcursed mass
    38 | D:1      | Escaped the Abyss
    91 | D:1      | Reached skill level 1 in Dodging
   274 | D:1      | Reached ** piety under Lugonu
   275 | D:1      | Discovered your monstrous ancestry.
   275 | D:1      | Gained mutation: You have large cloven feet. [demonic
                  | ancestry]
   275 | D:1      | Reached XP level 2. HP: 24/24 MP: 3/3
   913 | D:1      | Gained mutation: You have sharp fingernails. [demonic
                  | ancestry]
   913 | D:1      | Reached XP level 3. HP: 28/29 MP: 5/5
   960 | D:1      | Found a faded altar of an unknown god.
  1383 | D:2      | Found Xaxez's Magic Scroll Shoppe.
  1394 | D:2      | Bought a scroll of identify for 24 gold pieces
  1918 | D:2      | Gained mutation: You have very sharp fingernails. [demonic
                  | ancestry]
  1918 | D:2      | Reached XP level 4. HP: 18/37 MP: 6/6
  1923 | D:2      | Killed from afar by an orc wizard

Illustrated notes

Levels and vault maps discovered:
D:1:      minmay_arrival_doors, layout_rooms,
          hellmonk_ecumenical_altar_inner_sanctum, hex_intersection,
          roderic_lattice_a, minmay_shallow_snake_nest
D:2:      layout_rooms, serial_corexii_hall, corexii_hall_statues_l,
          corexii_hall_statues_s, corexii_hall_statues_x,
          corexii_hall_statues_x, chequers_hall_statues_wall_a,
          chequers_hall_statues_y, serial_shops, nicolae_shop_waterfront,
          corexii_item_surrounded_by_moat, minmay_misc_feat_encased, nrook_uturn

Skill      XL: |  1  2  3 |
---------------+----------+-----
Dodging        | 1 |  1.6
Polearms       | 2 |  2.2
Armour         | 2 |  2.1
Invocations    | 3 |  3.1
Fighting       | |  3.6
Spellcasting   | |  0.8

Action                   |  1- 3 |  4- 6 || total
-------------------------+-------+-------++-------
Melee: Spear             |   132 |     1 ||   133
       Kick              |    24 |       ||    24
       Punch             |     1 |       ||     1
Invok: Depart the Abyss  |     1 |       ||     1
  Use: Scroll            |     2 |       ||     2
Armor: Leather armour    |     8 |       ||     8
       Chain mail        |    49 |     4 ||    53
Dodge: Dodged            |    42 |     3 ||    45
